 Dungeon Crawl Stone Soup version 0.29.0-4-gdea44cf6ec (webtiles) character file.

Game seed: 11686139631738214473

10 qw the Chopper (level 2, -2/17 HPs)
             Began as a Tengu Warper on Aug 28, 2022.
             Slain by a gnoll
             ... wielding a +0 whip
              (7 damage)
             ... on level 1 of the Dungeon.
             The game lasted 00:00:01 (475 turns).

qw the Chopper (Tengu Warper)                        Turns: 475, Time: 00:00:02

Health: -2/17      AC:  3    Str: 11    XL:     2   Next: 20%
Magic:  6/6        EV: 11    Int: 13    God:
Gold:   17         SH:  0    Dex: 13    Spells: 5/5 levels left

rFire   . . .      SeeInvis .   a - +0 hand axe
rCold   . . .      Faith    .   (no shield)
rNeg    . . .      Spirit   .   b - +0 leather armour
rPois   .          Reflect  .   (helmet restricted)
rElec   .          Harm     .   (no cloak)
rCorr   .          Rampage  .   (no gloves)
Will    .....                   (boots unavailable)
Stlth   +.........              (no amulet)
HPRegen 0.05/turn               (no ring)
MPRegen 0.10/turn               (no ring)

@: no status effects
A: beak, talons 3
a: no special abilities


You were on level 1 of the Dungeon.
You visited 1 branch of the dungeon, and saw 1 of its levels.

You collected 17 gold pieces.


Innate Abilities, Weirdness & Mutations

You have a beak for a mouth.
You have claws for feet.


   Skills:
 - Level 2.0 Fighting
 + Level 3.1 Axes
 - Level 1.0 Throwing
 - Level 1.1 Armour
 - Level 2.1 Dodging
 - Level 2.0 Spellcasting
 - Level 2.4 Translocations


You had 5 spell levels left.
You didn't know any spells.
Your spell library contained the following spells:

 Spells                   Type           Power      Damage    Failure   Level
 Blink                    Tloc           14%        N/A       19%         2
 Gell's Gravitas          Tloc           7%         N/A       36%         3
 Lesser Beckoning         Tloc           7%         N/A       36%         3
 Teleport Other           Tloc           7%         N/A       36%         3
 Manifold Assault         Tloc           7%         N/A       98%         5

Inventory:

Hand Weapons
 a - a +0 hand axe (weapon)
 i - a +0 club
Armour
 b - a +0 leather armour (worn)
Scrolls
 c - a scroll of blinking
 f - 3 scrolls of noise {unknown}
 g - a scroll of immolation {unknown}
Potions
 d - a potion of lignification {unknown}
 e - a potion of flight {unknown}
 h - a potion of curing {unknown}

Dungeon Overview and Level Annotations

Branches:
Dungeon (1/15)

Altars:


Message History

The kobold throws a stone.
The stone completely misses you.
You hit the kobold.
You kill the kobold!
You start resting.
HP restored.
d - a coppery potion A rat, a frilled lizard, a kobold, a ball python, a quokka and a gnoll come into view.
Found 11 gold pieces, a sapphire potion and a coppery potion.
The frilled lizard hisses angrily.
The ball python hisses angrily.
The gnoll shouts!
You hear an angry hiss.
The kobold shouts!
The quokka bites you. The ball python bites you.
The ball python closely misses you. The quokka closely misses you.
You hit the ball python but do no damage.
You barely miss the quokka. The ball python closely misses you.
The ball python grabs you. The ball python constricts you.
The quokka bites you.
An endoplasm comes into view.
The ball python bites you. The ball python constricts you.
You closely miss the ball python. Your kick misses the ball python.
You miss the quokka.
The quokka bites you but does no damage.
A frilled lizard comes into view.
The ball python barely misses you. The ball python constricts you.
The quokka twitches its whiskers.
The quokka misses you.
You hit the ball python.
You kill the ball python!
You hit the quokka but do no damage.
The quokka bites you but does no damage.
You hit the quokka. You claw the quokka. You peck the quokka.
You kill the quokka!
You barely miss the rat. The rat closely misses you.
The rat bites you but does no damage. The gnoll hits you with a +0 whip.
You hit the gnoll but do no damage. You claw the gnoll, but do no damage.
Your peck misses the gnoll. You hit the endoplasm.
You kill the endoplasm!
You closely miss the rat. The gnoll hits you with a +0 whip!
You die...

... ### #..# #..
...# #.#### ##..#
#.#!.. ...## #.#!lK
....##.
#.#$lr#.......# #.#
#.####@##...#.# #.#
#.....#g#...#.# #.#
#.....##.##...## #.#
###.....#.#....# #.#
##.#..##.##).# #.#
#......#$#..###.####
###....###.^........
####......########
######.#


You could see a gnoll, a kobold, 2 frilled lizards and a rat.

Vanquished Creatures
  2 ball pythons (D:1)
  An endoplasm (D:1)
  A giant cockroach (D:1)
  A goblin (D:1)
  2 quokkas (D:1)
  A bat (D:1)
  A kobold (D:1)
  2 rats (D:1)
11 creatures vanquished.

Notes
Turn   | Place    | Note
-------+----------+-------------------------------------------
     0 | D:1      | qw the Tengu Warper began the quest for the Orb.
     0 | D:1      | Reached XP level 1. HP: 12/12 MP: 4/4
     0 | D:1      | 0 ||| qw: Version: 0.1-a-89-g26bdef1
     0 | D:1      | 0 ||| qw: Game counter: 3369
     0 | D:1      | 0 ||| qw: Always use a shield: true
     0 | D:1      | 0 ||| qw: God list: Okawaru
     0 | D:1      | 0 ||| qw: Allow faded altars: false
     0 | D:1      | 0 ||| qw: Do Orc after D:15 true
     0 | D:1      | 0 ||| qw: Do second Lair branch before Depths: true
     0 | D:1      | 0 ||| qw: Lair rune preference: random
     0 | D:1      | 0 ||| qw: Plans: Normal
     0 | D:1      | 0 ||| PLANNING D:1-11
   251 | D:1      | Reached skill level 3 in Axes
   251 | D:1      | Reached XP level 2. HP: 17/17 MP: 6/6
   475 | D:1      | Slain by a gnoll

Levels and vault maps discovered:
D:1:      minmay_arrival_shattered_statue, layout_basic, minmay_vboxes

Skill      XL: |  1 |
---------------+----+-----
Axes           | 3 |  3.1
Fighting       | |  2.0
Throwing       | |  1.0
Armour         | |  1.1
Dodging        | |  2.1
Spellcasting   | |  2.0
Translocations | |  2.4

Action                   || total
-------------------------++-------
Melee: Hand axe          ||    14
       Peck              ||     3
       Kick              ||     3
Throw: Boomerang         ||     7
Armor: Leather armour    ||     6
Dodge: Dodged            ||    12

Table legend:
 A = Non-vault XP
 B = Vault XP
 C = Vault XP percentage of total XP
 D = Non-vault monster count
 E = Vault monster count
 F = Vault count percentage of total count
                 A         B        C        D         E       F
            +---------+---------+-------+---------+---------+-------
      Total |      12 |       5 |  29.4 |       8 |       3 |  27.3
            +---------+---------+-------+---------+---------+-------
        D:1 |      12 |       5 |  29.4 |       8 |       3 |  27.3
            +---------+---------+-------+---------+---------+-------
